 Dungeon Crawl Stone Soup version 0.22-a0-86-g94e0ad4 (webtiles) character file.

1134 wvc the Slicer (level 8, -6/64 HPs)
             Began as a Demonspawn Wanderer on Jan 20, 2018.
             Was a Believer of Qazlal.
             Killed from afar by a gnoll (14 damage)
             ... with a wand of acid (9)
             ... on level 6 of the Dungeon.
             The game lasted 00:09:12 (5327 turns).

wvc the Slicer (Demonspawn Wanderer)                Turns: 5327, Time: 00:09:12

Health: -6/64      AC: 10    Str: 11    XL:     8   Next: 14%
Magic:  8/8        EV: 16    Int: 15    God:    Qazlal [**....]
Gold:   211        SH:  2    Dex: 15    Spells: 7/7 levels left

rFire    . . .     SeeInvis .   f - +1 dagger (venom)
rCold    + . .     Gourm    .   (no shield)
rNeg     . . .     Faith    .   h - +0 leather armour
rPois    +         Spirit   .   u - +0 helmet
rElec    .         Reflect  .   (no cloak)
rCorr    .         Harm     .   y - +2 pair of gloves
MR       .....                  d - +0 pair of boots
Stlth    +.........             (no amulet)
HPRegen  0.20/turn              k - ring of poison resistance
MPRegen  0.11/turn              o - +5 ring of evasion

@: no status effects
A: hooves 1, icy blue scales 1, cold resistance 1, powered by pain 1, rot
immunity
a: Upheaval, Renounce Religion


You were on level 6 of the Dungeon.
You worshipped Qazlal.
Qazlal was pleased with you.
You were not hungry.

You visited 1 branch of the dungeon, and saw 6 of its levels.

You collected 211 gold pieces.

Inventory:

Hand Weapons
 a - a +2 hand axe
 f - a +1 dagger of venom (weapon)
 s - a +0 rapier
Missiles
 m - 12 poisoned needles
 x - 3 throwing nets (quivered)
Armour
 d - a +0 pair of boots (worn)
 h - a +0 leather armour (worn)
 u - a +0 helmet (worn)
 y - a +2 pair of gloves (worn)
Jewellery
 k - a ring of poison resistance (left hand)
 o - a +5 ring of evasion (right hand)
 w - an uncursed ring of positive energy
Wands
 c - a wand of random effects (15)
 p - a wand of polymorph (16)
 q - a wand of flame (32)
Scrolls
 g - 4 scrolls of remove curse
 i - 3 scrolls of identify
 n - 4 scrolls of teleportation
 z - a scroll of enchant weapon
 B - a scroll of magic mapping
Potions
 b - 2 potions of curing
 e - 2 potions of magic
 j - a potion of heal wounds
 l - a potion of might
 r - a potion of lignification
 v - 2 potions of brilliance
Comestibles
 t - 4 rations
 A - 4 chunks of flesh


   Skills:
 - Level 6.0 Fighting
 + Level 8.1 Short Blades
 - Level 1.7 Axes
 - Level 1.3 Armour
 - Level 0.3 Dodging
 - Level 1.0 Stealth
 - Level 1.0 Evocations


You had 7 spell levels left.
You didn't know any spells.

Dungeon Overview and Level Annotations

Branches:
Dungeon (6/15)             Temple (0/1) D:4

Altars:
Dithmenos
Elyvilon
Nemelex Xobeh
Okawaru
Qazlal
Uskayaw

Shops:
D:4 %

Annotations:
D:3 Kidiri's ghost, amateur DEFE


Innate Abilities, Weirdness & Mutations

You are partially covered in icy blue scales. (AC +2)
You sometimes gain a little power by taking damage.
You are immune to rotting.
You have large cloven feet.
Your flesh is cold resistant. (rC+)


Message History

Things that are here:
a vampiric trident; a scale mail
x - 3 throwing nets (gained 1)
You start resting.
You feel a little less mighty now.
You start resting.
You hear a shout!
A gnoll comes into view. It is wielding a spear.
The gnoll zaps a wand.
The bolt of acid misses you.
It is a wand of acid (11).
The gnoll zaps a wand.
The bolt of acid hits you!
You are splashed with acid!
The acid burns!
* * * LOW HITPOINT WARNING * * *
The gnoll barely misses you.
The gnoll zaps a wand.
The bolt of acid misses you.
You closely miss the gnoll. You barely miss the gnoll.
The gnoll hits you with a spear.
* * * LOW HITPOINT WARNING * * *
You hit the gnoll but do no damage.
The gnoll is poisoned.
The gnoll zaps a wand.
The bolt of acid hits you!
You die...

#.# #.# ############### #.#
#.............. #.# #######
#.############.
######.####.....###.###.......##.
.......).((.###.##...............
.⌠##.....##(# #.......#.###.#.#.#
_..#.....##.###g#.....#[# #.#.#<#
.⌠.......)....))@.....#.# #.#.#.#
..##.....###..########### #####.#
.........# #..# #.# #.####.###
#..# ♣♣♣ #.# # #.######.♣♣
♣♣♣.♣♣♣ ♣.# ........(.♣♣
♣♣.....♣♣ )..
....#[......♣♣♣...g...♣♣ ...
###.....≈≈≈...♣...≈≈≈...♣ .≈≈
#....≈≈≈≈≈..g..≈≈≈≈≈.....≈≈≈


You could see a gnoll.

Vanquished Creatures
  An ice beast (D:6)
  An ogre (D:4)
  2 centaurs
  A gnoll sergeant (D:6)
  4 killer bees (D:4)
  2 crimson imps (D:5)
  A quasit (D:5)
  A hound (D:4)
  An orc priest (D:4)
  2 orc wizards (D:4)
  An iguana (D:4)
  2 worker ants
  2 hound skeletons
  2 worker ant zombies (D:5)
  2 gnolls (D:6)
  10 adders
  A shadow imp (D:5)
  An ooze (D:1)
  An adder zombie (D:5)
  4 worms
  3 dart slugs
  5 leopard geckos
  14 orcs
  4 bats
  3 giant cockroaches
  12 hobgoblins
  5 quokkas
  A ball python (D:2)
  2 frilled lizards (D:2)
  8 goblins
  7 kobolds
  9 rats
  A butterfly (D:4)
116 creatures vanquished.

Notes
Turn   | Place    | Note
-------+----------+-------------------------------------------
     0 | D:1      | wvc the Demonspawn Wanderer began the quest for the Orb.
     0 | D:1      | wvc set off with: a +2 hand axe, a potion of curing, a wand of random effects (15), a +0 robe, a ration
     0 | D:1      | Reached XP level 1. HP: 21/21 MP: 1/1
   254 | D:1      | Gained mutation: You are immune to rotting. [demonic ancestry]
   254 | D:1      | Reached XP level 2. HP: 27/27 MP: 2/2
   634 | D:1      | Gained mutation: You are partially covered in icy blue scales. (AC +2) [demonic ancestry]
   634 | D:1      | Reached XP level 3. HP: 31/34 MP: 3/3
  1297 | D:2      | Found a stormy altar of Qazlal.
  1310 | D:2      | Became a worshipper of Qazlal Stormbringer
  1721 | D:2      | Found a shadowy altar of Dithmenos.
  1810 | D:2      | Reached skill level 1 in Short Blades
  1810 | D:2      | Reached XP level 4. HP: 35/40 MP: 4/4
  2203 | D:2      | Reached skill level 2 in Short Blades
  2387 | D:3      | Gained mutation: You have large cloven feet. [potion of mutation]
  2387 | D:3      | Gained mutation: Your flesh is cold resistant. (rC+) [potion of mutation]
  2493 | D:3      | Noticed Kidiri's ghost (amateur DEFE)
  2590 | D:3      | HP: 1/40 [Kidiri's ghost/puff of flame (12)]
  2672 | D:4      | Gained mutation: You sometimes gain a little power by taking damage. [demonic ancestry]
  2672 | D:4      | Reached XP level 5. HP: 9/46 MP: 5/5
  2999 | D:4      | Reached skill level 3 in Short Blades
  3008 | D:4      | Reached skill level 4 in Short Blades
  3008 | D:4      | Reached XP level 6. HP: 26/52 MP: 6/6
  3283 | D:4      | Found a staircase to the Ecumenical Temple.
  3307 | D:4      | Reached skill level 5 in Short Blades
  3457 | D:4      | Reached * piety under Qazlal
  3755 | D:4      | Reached XP level 7. HP: 55/58 MP: 7/7
  3781 | D:4      | Reached skill level 6 in Short Blades
  3866 | D:4      | Found Niehimm's Food Shop.
  3947 | D:5      | Entered Level 5 of the Dungeon
  4078 | D:5      | Found an iron altar of Okawaru.
  4168 | D:5      | Found a hide-covered altar of Uskayaw.
  4289 | D:5      | Reached ** piety under Qazlal
  4289 | D:5      | Reached skill level 7 in Short Blades
  4885 | D:6      | Found a sparkling altar of Nemelex Xobeh.
  4987 | D:6      | Reached XP level 8. HP: 31/64 MP: 8/8
  5160 | D:6      | Found a white marble altar of Elyvilon.
  5211 | D:6      | Reached skill level 8 in Short Blades
  5327 | D:6      | Killed from afar by a gnoll

Vault maps used:
D:1:      dpeg_arrival_morbid_curiosity
D:2:      grunt_dithmenos_smoke, nicolae_qazlal_eye_of_the_storm
D:4:      minmay_temple_entry_butterflies, serial_shops, kennysheep_mini,
          portal_sewer_entry_d
D:5:      eat_drink_and_be_merry_uskayaw, basic_altar, first_ration
D:6:      nemelex_xobeh_ov_fountains_minmay, lemuel_crystal_altar,
          elyvilon_altar_3, kennysheep_generic_room_13

Skill      XL: |  1  2  3  4  5  6  7  8 |
---------------+-------------------------+-----
Fighting       | 6 |  6.0
Short Blades   | 1 2 4 5 7 8 |  8.1
Axes           | |  1.7
Armour         | |  1.3
Dodging        | |  0.3
Stealth        | |  1.0
Evocations     | |  1.0

Action                   |  1- 3 |  4- 6 |  7- 9 || total
-------------------------+-------+-------+-------++-------
Melee: Hand axe          |   102 |       |       ||   102
       Dagger            |    29 |   190 |   250 ||   469
  Use: Scroll            |       |     8 |     8 ||    16
       Potion            |       |     1 |       ||     1
 Stab: Sleeping          |     1 |       |       ||     1
  Eat: Chunk             |     1 |     2 |     2 ||     5
       Ration            |     1 |     1 |     1 ||     3
Armor: Robe              |     4 |       |       ||     4
       Leather armour    |    42 |    48 |    40 ||   130
Dodge: Dodged            |    85 |   135 |   120 ||   340
Block: Other             |       |     3 |     8 ||    11

Table legend:
 A = Spawn XP
 B = Non-spawn XP
 C = Spawn XP percentage of total XP
 D = Spawn monster count
 E = Non-spawn monster count
 F = Spawn count percentage of total count
 G = Total turns spent on level
                    A         B        C        D         E        F      G
               +---------+---------+-------+---------+---------+-------+---------
         Total |       0 |    1620 |   0.0 |       0 |     115 |   0.0 |  5327
               +---------+---------+-------+---------+---------+-------+---------
           D:1 |       0 |      50 |   0.0 |       0 |      28 |   0.0 |   998
           D:2 |       0 |      94 |   0.0 |       0 |      29 |   0.0 |  1328
           D:3 |       0 |      13 |   0.0 |       0 |       5 |   0.0 |   279
           D:4 |       0 |     678 |   0.0 |       0 |      28 |   0.0 |  1342
           D:5 |       0 |     397 |   0.0 |       0 |      18 |   0.0 |   863
           D:6 |       0 |     388 |   0.0 |       0 |       7 |   0.0 |   517
               +---------+---------+-------+---------+---------+-------+---------
